 Dungeon Sprint DCSS version 0.30-a0-860-g512cf1e979 (webtiles) character file.

Game seed: 6666246907323899990

126 fozzywoppz the Chopper (level 4, -1/39 HPs)
             Began as a Demonspawn Gladiator on Mar 7, 2023.
             Slain by a black bear (6 damage)
             ... in the Dungeon (Sprint IX: "|||||||||||||||||||||||||||||").
             The game lasted 00:00:45 (59 turns).

fozzywoppz the Chopper (Demonspawn Gladiator)         Turns: 59, Time: 00:00:46

Health: -1/39      AC:  4    Str: 15    XL:     4   Next: 84%
Magic:  4/4        EV: 14    Int:  9    God:
Gold:   0          SH:  4    Dex: 16    Spells: 3/3 levels left

rFire   . . .      SeeInvis .    a - +0 war axe
rCold   . . .      Faith    .    (no shield)
rNeg    . . .      Spirit   .    b - +0 leather armour
rPois   .          Reflect  .    c - +0 helmet
rElec   .          Rampage  .    (no cloak)
rCorr   .          NoTele   +    (no gloves)
Will    .....                    (no boots)
Stlth   +                        (no amulet)
HPRegen 0.26/turn                (no ring)
MPRegen 0.09/turn                (no ring)

@: no status effects
A: large bone plates 1
a: no special abilities


You were in the Dungeon.
You visited 1 branch

Inventory:

Hand Weapons
 a - a +0 war axe (weapon)
Missiles
 d - 3 throwing nets (quivered)
 e - a javelin
Armour
 b - a +0 leather armour (worn)
 c - a +0 helmet (worn)
Scrolls
 k - a scroll of blinking
Potions
 f - a potion of curing
 h - a potion of haste
 i - 2 potions of magic
 j - a potion of berserk rage


   Skills:
 + Level 5.1 Fighting
 + Level 5.1 Axes
 + Level 4.6 Throwing
 + Level 5.1 Dodging


You had 3 spell levels left.
You didn't know any spells.
Your spell library was empty.

Dungeon Overview and Level Annotations

Branches:
Dungeon (1/1)

Altars:


Innate Abilities, Weirdness & Mutations

You are partially covered in large bone plates. (SH +4)


Message History

You kill the scorpion!
Your Fighting skill increases to level 4!
Your Throwing skill increases to level 4!
You have reached level 4!
You feel stronger.
You hit the jelly.
Your hands burn!
* * * LOW HITPOINT WARNING * * *
The jelly is moderately wounded.
The jelly hits you.
* * * LOW HITPOINT WARNING * * *
You are splashed with acid!
* * * LOW HITPOINT WARNING * * *
Unknown command.
You feel much better. The jelly hits you but does no damage.
You hit the jelly.
Your hands burn!
The jelly is heavily wounded.
The jelly barely misses you. The jelly hits you but does no damage.
You slash the jelly!
You kill the jelly!
Your Fighting skill increases to level 5!
Your Axes skill increases to level 5!
Your Dodging skill increases to level 5!
You barely miss the black bear. The black bear bites you.
The black bear claws you. x2
You hit the black bear.
The black bear is moderately wounded.
The black bear misses you. The black bear claws you.
The black bear barely misses you.
You hit the black bear.
The black bear is moderately wounded.
The black bear misses you. The black bear barely misses you.
The black bear closely misses you.
You slash the black bear!
The black bear is severely wounded.
The black bear goes berserk!
The black bear bites you!
* * * LOW HITPOINT WARNING * * *
The black bear claws you.
* * * LOW HITPOINT WARNING * * *
The black bear claws you.
You die...

▓+▓
▓.▓
▓.▓
▓.▓
▓.▓
▓h▓
▓@▓
▓.▓
▓.▓
▓.▓
▓.▓
▓.▓
▓)▓
▓.▓
▓.▓


You could see a black bear (berserk).

Vanquished Creatures
  A scorpion (D)
  A hound (D)
  A jelly (D)
  A dart slug (D)
  A bat (D)
  2 goblins (D)
  A jackal (D)
  A kobold (D)
9 creatures vanquished.

Notes
Turn   | Place    | Note
-------+----------+-------------------------------------------
     0 | D        | fozzywoppz the Demonspawn Gladiator began the quest for the
                  | Orb.
     0 | D        | Reached XP level 1. HP: 16/16 MP: 1/1
    30 | D        | Noticed a black bear
    30 | D        | Noticed a jelly
    30 | D        | Noticed a scorpion
    30 | D        | Noticed a hound
    34 | D        | Gained mutation: You are partially covered in large bone
                  | plates. (SH +4) [demonic ancestry]
    34 | D        | Reached XP level 2. HP: 23/23 MP: 2/2
    45 | D        | Reached XP level 3. HP: 22/30 MP: 3/3
    51 | D        | Killed a scorpion
    52 | D        | Reached XP level 4. HP: 13/38 MP: 4/4
    56 | D        | Reached skill level 5 in Fighting
    56 | D        | Reached skill level 5 in Axes
    56 | D        | Reached skill level 5 in Dodging
    59 | D        | Slain by a black bear

Illustrated notes

Levels and vault maps discovered:
D:        linesprint [early_d, line_temple, items_1, d_10, items_2, lair_1,
          lair_end, items_3, orc_1, orc_end, items_4, d_15, swamp_1, shoals_1,
          snake_1, spider_1, d_20, vaults_1, items_5, swamp_end, shoals_end,
          snake_end, spider_end, vaults_end, d_27, items_6, zot_1, zot_end,
          crypt_end, forest_end, elf_end, slime_end, tomb_end, abyss_end,
          pan_hell_end]

Skill      XL: |  1  2  3  4 |
---------------+-------------+-----
Throwing       | 2 3 4 |  4.6
Axes           | 3 4 5 |  5.1
Dodging        | 3 4 5 |  5.1
Fighting       | 3 4 5 |  5.1

Action                     |  1- 3 |  4- 6 || total
---------------------------+-------+-------++-------
  Melee: War axe           |    32 |     7 ||    39
         Punch             |     1 |       ||     1
    Use: Potion            |       |     1 ||     1
 Armour: Leather armour    |    12 |     2 ||    14
  Dodge: Dodged            |    27 |     6 ||    33
  Block: Other             |     3 |       ||     3

Table legend: (Time is in decaauts)
 A = Elapsed time spent in this place.
 B = Non-inter-level travel time spent in this place.
 C = Inter-level travel time spent in this place.
 D = Time resting spent in this place.
 E = Time spent auto-exploring this place.
 F = Levels seen in this place.
 G = Mean time per level.
                   A        B        C        D        E       F      G
               +--------+--------+--------+--------+--------+-----+--------+
         Total |     70 |     70 |      0 |      0 |      0 |   1 |   70.0 |
       Dungeon |     70 |     70 |      0 |      0 |      0 |   1 |   70.0 |
               +--------+--------+--------+--------+--------+-----+--------+

Top non-repeatable levels by time:
       D: 70 daAuts
